Map: 트라이튼 - 래더

Players

PtitDrogo

  • Race: Protoss Protoss
  • Spawn Location: 11:00

Bunny - Winner!

  • Race: Terran Terran
  • Spawn Location: 5:00

Event: IEM Katowice 2020

VOD

Have the link to the VOD?

Description

Time

  • Played on: Feb. 25, 2020, 5:28 a.m.
  • Length: 10:22

All games in this series

Show
View Real Time Build Order
Export as new Build Order

PtitDrogo Protoss 

Build Orders: Zealot Archon, Archon Drop, Dark Templar Rush 

Get SALT Encoding   

  12  0:00  Probe  
  13  0:12  Probe  
  14  0:17  Pylon  
  14  0:25  Probe (Chrono Boost)  
  15  0:37  Probe (Chrono Boost)  
  15  0:38  Gateway  
  16  0:44  Probe (Chrono Boost)  
  16  0:46  Assimilator  
  17  0:51  Probe  
  18  0:57  Assimilator  
  18  1:03  Probe (Chrono Boost)  
  19  1:15  Probe (Chrono Boost)  
  20  1:20  Probe (Chrono Boost)  
  21  1:27  Cybernetics Core  
  21  1:29  Probe  
  21  1:31  Pylon  
  22  1:41  Probe  
  23  1:53  Probe  
  24  2:03  Stalker (Chrono Boost)  
  24  2:04  Warp Gate, Twilight Council  
  26  2:25  Robotics Facility  
  26  2:36  Nexus  
  26  2:45  Dark Shrine  
  25  2:59  Gateway  
  25  3:04  Gateway  
  25  3:17  Warp Prism (Chrono Boost)  
  27  3:28  Probe  
  27  3:31  Pylon  
  28  3:40  Probe  
  29  3:49  Probe  
  29  3:53  Probe  
  31  4:00  Dark Templar x2  
  31  4:02  Dark Templar  
  37  4:05  Probe (Chrono Boost)  
  39  4:13  Probe (Chrono Boost)  
  39  4:14  Probe (Chrono Boost)  
  40  4:19  Probe x2 (Chrono Boost)  
  42  4:31  Probe (Chrono Boost)  
  43  4:33  Probe (Chrono Boost)  
  42  4:39  Dark Templar x2  
  42  4:43  Probe (Chrono Boost), Archon x2  
  48  4:48  Assimilator  
  48  4:49  Probe (Chrono Boost)  
  48  4:50  Probe (Chrono Boost), Assimilator  
  49  4:57  Probe (Chrono Boost)  
  49  4:58  Probe (Chrono Boost), Charge  
  51  5:00  Pylon  
  51  5:05  Pylon  
  51  5:09  Probe (Chrono Boost)  
  51  5:12  Probe (Chrono Boost)  
  53  5:14  Probe (Chrono Boost)  
  53  5:18  Sentry  
  53  5:20  Probe  
  53  5:21  Forge  
  57  5:23  Probe  
  57  5:25  Gateway x2  
  57  5:27  Observer (Chrono Boost)  
  59  5:32  Probe  
  59  5:34  Gateway  
  60  5:38  Stalker  
  60  5:41  Pylon  
  62  5:49  Pylon  
  62  5:51  Sentry  
  62  5:56  Protoss Ground Weapons Level 1 (Chrono Boost)  
  64  5:59  Immortal  
  68  6:09  Pylon  
  68  6:16  Pylon  
  68  6:24  Nexus  
  68  6:26  Pylon  
  68  6:29  Probe x2  
  70  6:33  Templar Archives, Zealot  
  70  6:36  Zealot  
  74  6:41  Probe  
  74  6:47  Immortal (Chrono Boost)  
  79  6:48  Probe  
  79  6:53  Probe  
  81  6:55  Zealot x2  
  85  7:04  Zealot  
  85  7:05  Zealot x2  
  91  7:13  Pylon  
  91  7:17  Dark Templar  
  91  7:19  High Templar x2  
  97  7:23  Archon  
  97  7:24  Shield Battery  
  97  7:27  Probe x2  
  95  7:40  Probe  
  89  7:48  Stalker x3  
  93  7:57  Probe  
  93  8:00  Zealot x3  
  93  8:04  Probe  
  89  8:06  Probe  
  89  8:09  Probe  
  89  8:12  Stalker  
  88  8:17  Probe, High Templar  
  88  8:18  Probe  
  89  8:26  Probe  
  88  8:35  High Templar, Sentry  
  88  8:40  Archon  
  92  8:46  Probe x3  
  95  8:49  Stalker x2  
  99  8:58  Probe x3  
  102  9:06  Zealot x3  
  108  9:10  Probe x2  
  94  9:24  Probe x2  
  94  9:28  Pylon x2  
  89  9:39  Probe  
  89  9:40  Probe  
  77  9:52  Probe x2  
  74  9:55  Pylon  
  74  9:56  High Templar x2  
  76  10:01  Archon  
  76  10:04  Probe x2  
  76  10:06  Pylon  
Show
View Real Time Build Order
Export as new Build Order

Bunny Terran - Winner!

Build Orders: Reaper Expand 

Get SALT Encoding   

  12  0:00  SCV  
  13  0:12  SCV  
  14  0:16  Supply Depot  
  14  0:25  SCV  
  15  0:38  SCV, Barracks  
  16  0:42  Refinery  
  16  0:53  SCV  
  17  1:05  SCV  
  18  1:17  SCV  
  19  1:26  Reaper  
  19  1:29  Orbital Command  
  20  1:43  Command Center  
  20  1:51  Supply Depot  
  20  1:58  Marine  
  20  2:01  Bunker  
  21  2:05  SCV  
  22  2:12  Factory  
  22  2:16  Marine  
  22  2:18  SCV  
  24  2:30  SCV  
  24  2:33  Refinery  
  24  2:34  Marine  
  26  2:42  SCV  
  27  2:52  Barracks Reactor  
  27  2:54  SCV  
  27  2:57  Starport  
  28  3:03  Factory Tech Lab, Orbital Command  
  28  3:06  SCV  
  28  3:09  Orbital Command  
  29  3:18  SCV  
  30  3:20  Engineering Bay  
  30  3:27  Factory Tech Lab  
  30  3:29  Marine x2  
  30  3:30  SCV  
  33  3:36  SCV  
  33  3:40  Viking  
  36  3:42  SCV  
  36  3:46  Cyclone  
  40  3:48  Missile Turret  
  40  3:51  Marine x2  
  42  3:58  SCV, Missile Turret  
  42  4:00  SCV  
  43  4:08  Supply Depot  
  43  4:09  Marine  
  45  4:16  Supply Depot  
  45  4:17  Raven  
  46  4:29  SCV x2  
  48  4:34  Marine x2  
  50  4:39  Supply Depot  
  50  4:41  SCV x2  
  50  4:42  Siege Tank  
  55  4:53  SCV x2, Barracks  
  55  4:56  Barracks  
  57  5:05  Marine x2, SCV x2  
  61  5:07  Refinery  
  61  5:09  Starport Tech Lab, Refinery  
  61  5:10  Terran Infantry Weapons Level 1  
  61  5:18  SCV x2  
  61  5:20  Supply Depot  
  63  5:23  Marine x2  
  65  5:30  SCV x2  
  65  5:32  Factory Reactor  
  65  5:33  Supply Depot  
  67  5:39  Starport Reactor  
  67  5:41  Marine x2  
  67  5:42  SCV x2, Supply Depot  
  71  5:48  Marine, Stimpack  
  72  5:50  Combat Shield, Marine  
  72  5:56  SCV x2  
  75  5:57  Supply Depot  
  75  6:03  Marine x2  
  76  6:06  Marauder  
  76  6:09  Marauder  
  76  6:10  Supply Depot  
  80  6:12  Widow Mine x2  
  80  6:15  Medivac x2  
  80  6:16  SCV x2  
  90  6:24  Marine x2  
  92  6:28  Marauder  
  92  6:30  Marauder  
  96  6:38  Command Center  
  96  6:39  Widow Mine x2  
  100  6:42  Supply Depot  
  100  6:45  Medivac  
  102  6:48  Medivac  
  104  6:56  SCV, Supply Depot  
  104  6:57  SCV  
  104  7:00  Widow Mine x2  
  110  7:04  Marine x2, Marauder x2  
  115  7:15  Concussive Shells, Medivac  
  117  7:18  SCV x2, Medivac  
  121  7:28  Barracks  
  121  7:29  Supply Depot  
  121  7:31  Barracks  
  121  7:40  Marauder x2  
  121  7:41  Marine  
  121  7:42  Marine  
  123  7:47  Widow Mine x2  
  123  7:49  Medivac  
  128  7:51  Orbital Command  
  128  7:56  Medivac  
  130  8:03  Marauder x2  
  130  8:04  Marine  
  130  8:05  Marine  
  134  8:08  SCV x2  
  134  8:12  Widow Mine x2  
  137  8:16  Terran Infantry Armor Level 1  
  137  8:18  Marauder  
  139  8:28  Marauder x2  
  139  8:29  Barracks Reactor  
  139  8:30  SCV x2  
  145  8:36  Marine x2  
  145  8:37  Orbital Command  
  147  8:41  Supply Depot, Medivac  
  147  8:47  Missile Turret  
  149  8:52  Supply Depot  
  149  9:03  SCV x2, Marauder x2  
  149  9:05  Ghost Academy  
  149  9:07  Medivac  
  154  9:11  Medivac  
  154  9:14  Widow Mine  
  154  9:15  Widow Mine  
  143  9:18  SCV x3  
  143  9:22  Marauder  
  143  9:23  Marine  
  148  9:25  Marauder  
  150  9:35  SCV  
  150  9:36  Widow Mine x2, Refinery x2  
  150  9:37  Supply Depot  
  150  9:48  Ghost x2  
  150  9:50  Ghost  
  148  9:57  Widow Mine x2  
  148  9:59  Supply Depot  

Tags
 
Add a new tag
Caveats
  • Supply blocks, unpowered buildings, or Contaminate may cause inaccurate times.
  • Supply counts are checked every 10 seconds.